 Dungeon Crawl Stone Soup version 0.17-a0-627-g5cb7d3e (webtiles) character file.

569 frag the Ducker (level 7, -3/67 HPs)
             Began as a Troll Berserker on Apr 16, 2015.
             Was an Elder of Trog.
             Slain by frag's ghost (14 damage)
             ... on level 5 of the Dungeon.
             The game lasted 00:18:45 (3782 turns).

frag the Ducker (Troll Berserker)                   Turns: 3782, Time: 00:18:45

Health: -3/67      AC:  5    Str: 27    XL:     7   Next: 11%
Magic:  6/6        EV: 11    Int:  4    God:    Trog [****..]
Gold:   255        SH:  0    Dex:  9    Spells: 0 memorised, 6 levels left

rFire  . . .     SeeInvis .       - Unarmed
rCold  . . .     Clarity  .     b - +0 animal skin
rNeg   . . .     SustAb   .     (no shield)
rPois  .         Gourm    +     (helmet restricted)
rElec  .         Spirit   .     (no cloak)
rCorr  .         Warding  .     (gloves unavailable)
rMut   .         Stasis   .     (boots unavailable)
MR     .....                    (no amulet)
Stlth  +.........               (no ring)
                                (no ring)

@: lethally poisoned (-3 -> -21), not resistant to hostile enchantments, very
unstealthy
A: unfitting armour, claws 3, fast metabolism 3, gourmand, regeneration 2,
shaggy fur 1, tough skin 2
a: Burn Spellbooks, Berserk, Trog's Hand, Brothers in Arms, Renounce Religion


You were on level 5 of the Dungeon.
You worshipped Trog.
Trog was greatly pleased with you.
You were full.

You visited 1 branch of the dungeon, and saw 5 of its levels.
You also visited: Sewer.

You collected 255 gold pieces.

Inventory:

Hand weapons
 j - a +2 dagger of venom
Armour
 b - a +0 animal skin (worn)
 c - a +2 pair of gloves
Jewellery
 i - an uncursed amulet of rage {unknown}
Scrolls
 d - 3 scrolls of magic mapping
 e - 4 scrolls of remove curse
 f - a scroll of teleportation
Potions
 g - a potion of poison {unknown}
 l - 4 potions of curing
 m - a potion of restore abilities {unknown}
 n - 2 potions of flight {unknown}
Comestibles
 a - 6 bread rations
 k - a meat ration


   Skills:
 + Level 3.5 Fighting
 + Level 5.1 Dodging
 + Level 0.9 Stealth
 + Level 5.0 Unarmed Combat


You had 6 spell levels left.
You didn't know any spells.

Dungeon Overview and Level Annotations

Branches:
Dungeon (5/15)
 Temple: D:4-7

Altars:
Cheibriados
Kikubaaqudgha
Ru
The Shining One

Annotations:
D:5 frag's ghost, average TrBe


Innate Abilities, Weirdness & Mutations

You are too large for most types of armour.
You have claws for hands.
Your metabolism is lightning-fast.
You like to eat raw meat.
You heal very quickly.
You are covered in fur (AC +1).
You have very tough skin (AC +2).


Message History

You scratch the kobold.
The kobold begins to bleed from its wounds!
The kobold is heavily wounded.
You feel sick. The orc barely misses you. Frag's ghost closely misses you.
The kobold hits you with a short sword of flaming.
The kobold burns you.
Unknown command.
You claw frag's ghost!
Frag's ghost is heavily damaged.
You feel sick.
The orc hits you from afar with a trident of venom.
* * * LOW HITPOINT WARNING * * *
You are lethally poisoned!
Frag's ghost hits you.
* * * LOW HITPOINT WARNING * * *
You claw frag's ghost!
Frag's ghost is severely damaged.
* * * LOW HITPOINT WARNING * * *
You feel sick. The kobold barely misses you. Frag's ghost hits you!
You die...

### ##.######
#....oW@#
#.....K##
#....#o.##
#######..#########
##.....K....
##o.#####...
##...# #...##
#######..##


You could see an orc wizard, frag's ghost, an orc and a kobold (bleeding).

Vanquished Creatures
  An ogre (D:4)
  A big kobold (Sewer)
  Blork the orc (D:4)
  A giant frog (D:3)
  A worker ant (D:4)
  A hound skeleton (D:4)
  A gnoll (D:1)
  3 river rats (Sewer)
  8 adders
  A shadow imp (D:5)
  2 oozes
  3 worms
  5 giant geckos
  5 orcs (D:3)
  13 bats
  A bat skeleton (D:4)
  3 giant cockroaches (D:1)
  8 hobgoblins
  20 jackals
  4 kobolds
  2 quokkas
  2 ball pythons
  5 giant newts
  8 goblins
  12 rats
  2 plants (D:2)
114 creatures vanquished.

Notes
Turn   | Place    | Note
--------------------------------------------------------------
     0 | D:1      | frag, the Troll Berserker, began the quest for the Orb.
     0 | D:1      | Reached XP level 1. HP: 22/22 MP: 0/0
   104 | D:1      | Reached XP level 2. HP: 2/29 MP: 1/1
   464 | D:1      | Acquired Trog's second power
   464 | D:1      | Reached XP level 3. HP: 36/36 MP: 2/2
  1539 | D:2      | Reached XP level 4. HP: 44/44 MP: 3/3
  1819 | D:2      | Found a sacrificial altar of Ru.
  2080 | D:3      | Noticed a giant frog
  2089 | D:3      | Killed a giant frog
  2089 | D:3      | Reached skill level 4 in Dodging
  2089 | D:3      | Reached XP level 5. HP: 36/53 MP: 4/4
  2459 | D:3      | Found a snail-covered altar of Cheibriados.
  2640 | D:4      | Found a glowing golden altar of the Shining One.
  2646 | D:4      | Found an ancient bone altar of Kikubaaqudgha.
  2743 | D:4      | Found a glowing drain.
  2755 | Sewer    | Entered a sewer
  2761 | Sewer    | Reached XP level 6. HP: 61/61 MP: 5/5
  2859 | Sewer    | Found a white marble altar of Elyvilon.
  2990 | D:4      | Noticed Blork the orc
  3000 | D:4      | Killed Blork the orc
  3310 | D:4      | Acquired Trog's third power
  3336 | D:4      | Noticed an ogre
  3348 | D:4      | Killed an ogre
  3348 | D:4      | Reached skill level 5 in Dodging
  3348 | D:4      | Reached XP level 7. HP: 40/67 MP: 6/6
  3637 | D:5      | Entered Level 5 of the Dungeon
  3727 | D:5      | Reached skill level 5 in Unarmed Combat
  3765 | D:5      | Noticed frag's ghost (average TrBe)
  3782 | D:5      | Slain by frag's ghost

Action                   |  1- 3 |  4- 6 |  7- 9 || total
-------------------------+-------+-------+-------++-------
Melee: Unarmed           |    84 |   203 |    16 ||   303
  Use: Scroll            |     7 |     4 |     1 ||    12
       Potion            |     2 |       |     1 ||     3
  Eat: Chunk             |    18 |    18 |       ||    36
